 Dungeon Crawl Stone Soup version 0.31.0-4-g52a2dc7128 (console) character file.

Game seed: 8822981718933106504

93988 jejorda2 the Metamorph (level 15, 0/137 HPs)
             Began as a Grey Draconian Berserker on Jan 21, 2024.
             Was a High Priest of Trog.
             Slain by a skeletal warrior
             ... wielding a +0 trident
              (18 damage)
             ... on level 14 of the Dungeon.
             The game lasted 01:05:06 (18319 turns).

jejorda2 the Metamorph (Grey Draconian Berserker)  Turns: 18319, Time: 01:05:07

Health: 0/137      AC:  8    Str: 26    XL:     15   Next: 62%
Magic:  15/15      EV: 21    Int:  8    God:    Trog [*****.]
Gold:   1718       SH:  0    Dex: 11    Spells: 14/14 levels left

rFire   + .          .
                       - Unarmed
rCold   + . .        (no shield)
rNeg    . . .        (body armour unavailable)
rPois   +            (helmet restricted)
rElec   .            D - scarf {rC+ rF+}
rCorr   .            k - +1 pair of gloves
SInv    .            (no boots)
Will    +++..        h - amulet of regeneration
Stlth   +            Q - ring of poison resistance
HPRegen 2.22/turn    J - +5 ring of evasion
MPRegen 0.14/turn

%: no passive effects
@: about to teleport, maw-form, strong-willed (expiring), corroded, regenerating
(expiring)
A: devouring maw, AC +14, amphibious, unfitting armour, cold-blooded
a: Begin Untransformation, Renounce Religion, Berserk, Trog's Hand, Brothers in
Arms


You were on level 14 of the Dungeon.
You worshipped Trog.
Trog was extremely pleased with you.
You were a creature with a mouth for a stomach.
You visited 2 branches of the dungeon, and saw 19 of its levels.
You also visited: Ossuary and Bailey.

You collected 1718 gold pieces.

Inventory:

Hand Weapons
 a - a +5 battleaxe of protection
Missiles
 c - 3 curare-tipped darts
 d - a throwing net
 m - 167 stones
 p - 6 boomerangs
 t - 56 poisoned darts (quivered)
 B - 9 atropa-tipped darts
Armour
 k - a +1 pair of gloves (worn)
 D - a scarf of resistance (worn)
Jewellery
 g - a ring of see invisible
 h - an amulet of regeneration (around neck)
 C - a ring of fire
 J - a +5 ring of evasion (right hand)
 O - a ring of protection from cold
 Q - a ring of poison resistance (left hand)
 U - a ring of flight
Talismans
 y - a maw talisman (active)
 z - a serpent talisman
 R - a flux talisman
Wands
 e - a wand of quicksilver (7)
 o - a wand of polymorph (1)
 A - a wand of charming (33)
 K - a wand of flame (39)
 M - a wand of roots (5)
 P - a wand of mindburst (3)
Scrolls
 n - a scroll of blinking
 q - a scroll of silence
 s - 4 scrolls of immolation
 x - 4 scrolls of fog
 F - 4 scrolls of poison
 I - a scroll of butterflies
 N - 6 scrolls of teleportation
Potions
 b - 4 potions of attraction
 f - 2 potions of invisibility
 i - 11 potions of curing
 j - 3 potions of haste
 l - 5 potions of mutation
 r - 2 potions of cancellation
 u - a potion of resistance
 v - 4 potions of heal wounds
 w - a potion of might
 G - 5 potions of ambrosia
 H - a potion of enlightenment
Miscellaneous
 L - a box of beasts
 T - a phial of floods


   Skills:
 + Level 13.7 Fighting
 - Level 11.0 Dodging
 - Level 15.0 Unarmed Combat
 - Level 6.0 Evocations
 * Level 16.0 Shapeshifting


You had 14 spell levels left.
You didn't know any spells.
Your spell library was empty.

Dungeon Overview and Level Annotations

Branches:
Dungeon (14/15)            Temple (0/1) D:5            Lair (5/5) D:8
  Swamp (0/4) Lair:2       Spider (0/4) Lair:3        Slime (0/5) Lair:4
    Orc (0/2) D:12         Vaults (0/5) D:14        Ossuary (visited)
 Bailey (visited)

Altars:
Ashenzari
Gozag
Kikubaaqudgha
Nemelex Xobeh
Okawaru
Ru
Trog
Xom
Zin
Jiyva

Shops:
D:4 [   D:8 ?   D:11 [

Portals:
Bazaar: D:12

Annotations:
Lair:5 exclusion: obsidian statue


Innate Abilities, Weirdness & Mutations

You are a creature with a mouth for a stomach.
Your midsection houses a second, enormous mouth.
Your dull iron-grey scales are very hard. (AC +14)
You are amphibious.
You cannot fit into any form of body armour.
You are cold-blooded and may be slowed by cold attacks.


Message History

The gargoyle hurls a stone arrow at you.
The stone arrow misses you.
The brown ugly thing engulfs you but does no damage.
The meliai mumbles some strange prayers to its god against you.
Something smites you!
You punch the brown ugly thing! Your bite misses the brown ugly thing.
The brown ugly thing is severely wounded.
The gargoyle hits you with a +0 mace!
The brown ugly thing engulfs you but does no damage.
You barely miss the brown ugly thing.
You bite the brown ugly thing, but do no damage.
The brown ugly thing is severely wounded.
The meliai invokes the aid of its god against you.
Something smites you! The gargoyle completely misses you.
The brown ugly thing engulfs you! The acid corrodes you!
You are splashed with acid!
You pummel the brown ugly thing!! You bite the brown ugly thing!
The brown ugly thing is almost dead.
The skeletal warrior misses you.
Unknown command.
Unknown command.
As you read the scroll of teleportation, it crumbles to dust.
You feel strangely unstable. The gargoyle closely misses you.
The brown ugly thing engulfs you! The acid corrodes you!
You are splashed with acid.
The skeletal warrior hits you from afar with a +0 trident!
Unknown command.
You are too injured to fight recklessly!
You are too injured to fight recklessly!
Unknown command.
You barely miss the brown ugly thing.
Your tail-slap misses the brown ugly thing.
The brown ugly thing is almost dead.
The brown ugly thing engulfs you. The acid corrodes you!
You are splashed with acid!
* * * LOW HITPOINT WARNING * * *
The gargoyle hits you with a +0 mace!!
* * * LOW HITPOINT WARNING * * *
The skeletal warrior hits you from afar with a +0 trident!!
You die...

#.....#.=#.....# #
#.....#..#.....# #
.....#..#....^# ##
....#..#..... #.
.####''#..#''###########.
........y........[.......
.......zp..........##....
.####''#u9#######.....#..
.....#W.(.....#..####.#
#.....#..'.....#........
#.....#..#.....#..#..#..
#.....#..#.....#..#.....
#$....#..#.....#....#...
#######..#######...#..<. #####
####..###.........#.. #...#
###...............###..
#...#####...#######.#####.#####


You could see an ironbound preserver, a brown ugly thing (sheltered), a skeletal
warrior (sheltered), a gargoyle (sheltered) and a meliai (sheltered).

Vanquished Creatures
  2 dire elephants (Lair:5)
  7 hydras
  3 catoblepae
  Erolcha (D:11)
  2 centaur warriors
  An alligator (Lair:3)
  9 boulder beetles
  6 two-headed ogres
  3 death yaks (Lair:5)
  An occultist (D:12)
  A spectral dire elephant (Lair:5)
  A skyshark (Lair:2)
  A spectral anaconda (Lair:5)
  An orc knight (D:12)
  3 necromancers (Lair:5)
  6 cyclopes
  A wolf spider (D:12)
  4 ugly things
  4 manticores
  Maurice (D:10)
  A will-o-the-wisp (Lair:2)
  17 elephants
  2 black mambas
  3 gargoyles
  A torpor snail (Lair:1)
  A kobold demonologist (D:12)
  12 komodo dragons
  17 cane toads
  Maggie (D:10)
  9 rime drakes
  4 polar bears
  8 trolls
  2 hornets
  A queen bee (Lair:2)
  6 blink frogs
  Prince Ribbit (Bailey)
  A culicivora (shapeshifter) (D:14)
  5 slime creatures (D:13)
  81 yaks
  4 wraiths
  13 wyverns
  4 shadows
  2 vampires
  7 basilisks
  6 humans (Bailey)
  A fire elemental (Lair:3)
  12 vampire mosquitoes
  A death yak simulacrum (Lair:5)
  2 steam dragons
  A spectral cane toad (Lair:5)
  26 water moccasins
  An acid dragon (D:9)
  4 orc warriors
  A sky beast (D:6)
  A swamp drake (D:8)
  2 black bears
  8 centaurs
  26 wolves
  An elephant skeleton (Lair:5)
  A phantom (D:6)
  4 kobold brigands
  24 bullfrogs
  3 scorpions
  26 wights
  43 killer bees
  An elephant simulacrum (Lair:5)
  2 electric eels
  A howler monkey (D:9)
  A lava snake (Lair:3)
  4 hounds
  6 orc priests
  2 jellies
  A gnoll bouda (D:8)
  4 sleepcaps
  9 orc wizards
  An iguana (D:6)
  8 mummies (Ossuary)
  2 adders
  A river rat (Lair:2)
  5 white imps (D:5)
  9 ufetubi
  3 dart slugs
  4 ribbon worms
  24 orcs
  9 endoplasms
  5 giant cockroaches
  3 gnoll zombies (Ossuary)
  14 goblins
  10 hobgoblins
  4 jackals
  5 quokkas
  9 ball pythons
  7 bats
  6 frilled lizards
  19 kobolds
  2 kobold zombies (Ossuary)
  3 orc zombies (Ossuary)
  7 rats
646 creatures vanquished.

Vanquished Creatures (collateral kills)
  A hydra (D:12)
  2 vault guards (Bailey)
  A cyclops (D:12)
4 creatures vanquished.

Vanquished Creatures (others)
  4 foxfires (Lair:2)
4 creatures vanquished.

Grand Total: 654 creatures vanquished

Notes
Turn   | Place    | Note
-------+----------+-------------------------------------------
     0 | D:1      | jejorda2 the Draconian Berserker began the quest for the
                  | Orb.
     0 | D:1      | Reached XP level 1. HP: 19/19 MP: 1/1
    70 | D:1      | Reached skill level 1 in Shapeshifting
   102 | D:1      | Reached XP level 2. HP: 26/26 MP: 2/2
   281 | D:1      | Reached ** piety under Trog
   484 | D:1      | Reached XP level 3. HP: 31/31 MP: 3/3
   503 | D:1      | Reached skill level 2 in Shapeshifting
  1155 | D:2      | Reached XP level 4. HP: 38/38 MP: 4/4
  1883 | D:3      | Reached skill level 3 in Shapeshifting
  1997 | D:3      | Reached *** piety under Trog
  2372 | D:4      | Reached XP level 5. HP: 45/45 MP: 5/5
  2383 | D:4      | Found a glowing silver altar of Zin.
  2483 | D:4      | Found Sotsargh's Armour Emporium.
  2614 | D:4      | Found a broken altar of Ashenzari.
  2771 | D:4      | Reached skill level 4 in Shapeshifting
  2775 | D:4      | Found an iron altar of Okawaru.
  2957 | D:5      | Entered Level 5 of the Dungeon
  2994 | D:5      | Reached XP level 6. HP: 32/51 MP: 6/6
  3204 | D:6      | Reached skill level 5 in Unarmed Combat
  3204 | D:6      | Reached skill level 5 in Shapeshifting
  3211 | D:5      | Your scales start taking on a dull iron-grey colour.
  3211 | D:5      | Reached XP level 7. HP: 59/59 MP: 7/7
  3263 | D:5      | Noticed a wyvern
  3274 | D:5      | Killed a wyvern
  3321 | D:5      | Found a staircase to the Ecumenical Temple.
  3363 | D:5      | Reached **** piety under Trog
  3375 | D:5      | Reached skill level 6 in Shapeshifting
  3481 | D:5      | Reached skill level 5 in Fighting
  3662 | D:5      | Reached XP level 8. HP: 53/68 MP: 8/8
  4297 | D:6      | Reached skill level 7 in Shapeshifting
  4438 | D:6      | Found a sacrificial altar of Ru.
  4664 | D:6      | Reached skill level 8 in Shapeshifting
  4819 | D:7      | Found a sand-covered staircase.
  4828 | Ossuary  | Entered an ossuary
  4847 | Ossuary  | Reached XP level 9. HP: 53/74 MP: 9/9
  5023 | Ossuary  | Reached skill level 12 in Shapeshifting
  5023 | Ossuary  | Reached XP level 10. HP: 81/81 MP: 10/10
  5024 | Ossuary  | Reached XP level 11. HP: 95/95 MP: 11/11
  5152 | D:7      | Reached skill level 1 in Evocations
  5158 | D:7      | Reached ***** piety under Trog
  5588 | D:8      | Noticed a boulder beetle
  5622 | D:8      | HP: 3/91 [boulder beetle (7)]
  5633 | D:8      | Killed a boulder beetle
  5669 | D:8      | Found a flagged portal.
  5681 | Bailey   | Entered a bailey
  5788 | Bailey   | Noticed a vault guard
  5811 | Bailey   | Killed a vault guard
  5901 | Bailey   | Noticed Prince Ribbit
  5901 | Bailey   | Noticed a vault guard
  5913 | Bailey   | Killed Prince Ribbit
  5914 | Bailey   | Killed a vault guard
  5915 | Bailey   | Reached skill level 5 in Dodging
  6212 | D:8      | Reached skill level 5 in Evocations
  6558 | D:8      | Found Jyusul's Magic Scroll Shoppe.
  7066 | D:8      | Found a staircase to the Lair.
  7327 | D:9      | Reached XP level 12. HP: 92/103 MP: 12/12
  7349 | D:9      | Found a shimmering altar of Xom.
  7349 | D:9      | Noticed a boulder beetle
  7430 | D:8      | Killed a boulder beetle
  7688 | D:9      | Found a bloodstained altar of Trog.
  7710 | D:9      | Found an ancient bone altar of Kikubaaqudgha.
  8297 | Lair:1   | Entered Level 1 of the Lair of Beasts
  8568 | Lair:1   | You fall into a shaft and drop 1 floor!
  8599 | Lair:2   | Received a gift from Trog
  8848 | Lair:2   | Reached skill level 10 in Fighting
  9121 | Lair:2   | Reached XP level 13. HP: 113/113 MP: 13/13
  9155 | Lair:2   | Found a staircase to the Swamp.
  9341 | Lair:2   | Reached skill level 13 in Shapeshifting
  9761 | Lair:2   | Received a gift from Trog
 11606 | Lair:3   | Reached XP level 14. HP: 125/125 MP: 14/14
 11897 | Lair:3   | Found a hole to the Spider Nest.
 12164 | Lair:4   | Found a staircase to the Slime Pits.
 12164 | Lair:4   | Found a viscous altar of Jiyva.
 12903 | Lair:4   | Reached skill level 14 in Shapeshifting
 12927 | Lair:5   | Entered Level 5 of the Lair of Beasts
 14109 | Lair:5   | Received a gift from Trog
 14220 | Lair:5   | Reached skill level 10 in Dodging
 14460 | Lair:5   | Found the +6 Majin-Bo {spellvamp, MP+6 Int+6}
 14762 | D:10     | Entered Level 10 of the Dungeon
 14821 | D:10     | Noticed Maggie
 14827 | D:10     | Killed Maggie
 15193 | D:10     | Noticed Maurice
 15198 | D:10     | Killed Maurice
 15230 | D:10     | Found a sparkling altar of Nemelex Xobeh.
 15230 | D:10     | Found an opulent altar of Gozag.
 15423 | D:10     | Upgraded the game from 0.31.0-2-g5a2aebc5c2 to
                  | 0.31.0-4-g52a2dc7128
 15580 | D:11     | Reached skill level 15 in Shapeshifting
 15612 | D:11     | Noticed Erolcha
 15629 | D:11     | Killed Erolcha
 15632 | D:11     | Reached XP level 15. HP: 134/134 MP: 15/15
 15847 | D:11     | Found Wecum's Antique Armour Shoppe.
 16182 | D:11     | You fall into a shaft and drop 1 floor!
 16304 | D:12     | Received a gift from Trog
 16627 | D:12     | Found a staircase to the Orcish Mines.
 16643 | D:12     | Found a gateway to a bazaar.
 17472 | D:13     | Reached skill level 15 in Unarmed Combat
 18289 | D:14     | Reached skill level 16 in Shapeshifting
 18308 | D:14     | Found a gate to the Vaults.
 18319 | D:14     | Slain by a skeletal warrior

Illustrated notes

Levels and vault maps discovered:
D:1:      elethiomel_arrival_quiet, layout_rooms
D:2:      minmay_diamond_boxcup, layout_loops_ring, nicolae_wormholes
D:3:      layout_basic, chequers_big_river
D:4:      layout_basic, mainiacjoe_overflow_catwalk, zin_statuary,
          ashenzari_conservatory_becter, serial_shops, shop
D:5:      layout_loops_ring, minmay_temple_entry_water_ring, serial_demonic,
          serial_demonic_d, serial_demonic_d, serial_demonic_a,
          serial_demonic_f, serial_library_hellmonk_narrow_alcove
D:6:      layout_basic, mainiacjoe_overflow_cross_hatched
D:7:      layout_cave_pools, nicolae_ossuary_entry_ruins
D:8:      minmay_ornate_pinched, layout_basic, erik_lair_dragon, serial_shops,
          nicolae_shop_tiny_waterfront, enter_bailey_3
D:9:      layout_roguey, mainiacjoe_overflow_six_doors_small,
          nicolae_overflow_hidden_temple, minmay_ruined_shrine
D:10:     layout_roguey, grunt_temple_overflow_opulence, uniq_maggie,
          uniq_maurice
D:11:     layout_stronghold, serial_shops, nicolae_shop_rolling_square,
          uniq_erolcha
D:12:     layout_basic, orc_0_dummy, serial_shops, bzr_entry_customers,
          serial_glass, glass_columns_b, glass_columns_b, glass_columns_a,
          glass_columns_a, glass_columns_b, glass_columns_a,
          minmay_the_grid_square_5x5_3x3_mashed
          [minmay_the_grid_square_5x5_comb, minmay_the_grid_square_5x5_percent,
          minmay_the_grid_square_5x5_bracketed,
          minmay_the_grid_square_5x5_tri_point,
          minmay_the_grid_square_5x5_megaprize_open,
          minmay_the_grid_square_5x5_tie, minmay_the_grid_square_5x5_minivault,
          minmay_the_grid_square_5x5_checkered_sparse,
          minmay_the_grid_square_5x5_six]
D:13:     layout_cave_pools
D:14:     layout_rooms, skrybe_vaults_entry_preservation, minivault_11,
          nicolae_figureground_pulse
Lair:1:   layout_regular_city, grunt_megastairs_1
Lair:2:   regret_index_bee_streams, layout_chaotic_city,
          minmay_swamp_entry_wisps, dreamdust_mushroom_princess
Lair:3:   nzn_winding_woodlands_cross [nzn_winding_woodlands_5x15_sawtooth,
          nzn_winding_woodlands_5x15_garden, nzn_winding_woodlands_5x15_parted,
          nzn_winding_woodlands_5x15_jagged,
          nzn_winding_woodlands_15x15_boxy_spiral], layout_gridlike,
          dummy_spider_entry
Lair:4:   layout_regular_city, slime_entry_1, minmay_lair_drake_nest
Lair:5:   due_jungle_book, layout_gridlike, lemuel_fruit_fields,
          infiniplex_staircase_pool

Skill      XL: |  1  2  3  4  5  6  7  8  9 10 11 12 13 14 15 |
---------------+----------------------------------------------+-----
Shapeshifting  | 1 2 3 4 5 6 8 12 13 15 16 | 16.0
Unarmed Combat | 4 5 7 9 11 12 13 14 15 | 15.0
Fighting       | 4 5 8 10 11 12 13 | 13.7
Evocations     | 6 |  6.0
Dodging        | 6 7 9 10 11 | 11.0

Action                     |  1- 3 |  4- 6 |  7- 9 | 10-12 | 13-15 || total
---------------------------+-------+-------+-------+-------+-------++-------
  Melee: Unarmed           |   158 |   217 |   101 |   613 |   831 ||  1920
         Tailslap          |    13 |    18 |    20 |    50 |    77 ||   178
         Punch             |     2 |     3 |     1 |    35 |    57 ||    98
         Battleaxe         |       |       |    84 |       |       ||    84
         Constrict         |       |       |       |    44 |    98 ||   142
         Maw               |       |       |       |       |   176 ||   176
  Throw: Stone             |       |       |       |    13 |       ||    13
         Dart              |       |       |       |    14 |    49 ||    63
         Throwing net      |       |       |       |     1 |       ||     1
         Boomerang         |       |       |       |       |    11 ||    11
 Invoke: Berserk           |       |     2 |     6 |    10 |    10 ||    28
         Trog's Hand       |       |     1 |     2 |     6 |     6 ||    15
         Brothers in Arms  |       |       |       |     2 |     1 ||     3
Ability: Begin Untransform |       |       |       |     1 |       ||     1
  Evoke: Wand              |       |       |       |       |     2 ||     2
    Use: Scroll            |       |       |     9 |    16 |     8 ||    33
         Potion            |       |       |     1 |     4 |       ||     5
   Stab: Sleeping          |     5 |       |       |       |       ||     5
         Distracted        |       |       |     1 |     1 |       ||     2
         Petrified         |       |       |       |       |     2 ||     2
 Armour: Skin              |    80 |   137 |   178 |   451 |   637 ||  1483
  Dodge: Dodged            |    95 |   161 |   154 |   448 |   472 ||  1330
   Form: Serpent           |       |       |       |     2 |     1 ||     3
         Maw               |       |       |       |       |     2 ||     2
